 Dungeon Crawl Stone Soup version 0.28-a0-850-g09de17f5b5 (webtiles) character file.

Game seed: 3243532395872956060

10113 marklar909 the Basher (level 11, 0/93 HPs)
             Began as a Palentonga Fighter on Nov 13, 2021.
             Was an Initiate of Gozag.
             Killed from afar by a raiju (9 damage)
             ... with a living lightning
             ... on level 3 of the Abyss.
             The game lasted 00:24:57 (14968 turns).

marklar909 the Basher (Palentonga Fighter)         Turns: 14968, Time: 00:24:58

Health: 0/93       AC: 30    Str: 21    XL:     11   Next: 31%
Magic:  11/11      EV:  8    Int: 10    God:    Gozag
Gold:   18         SH:  5    Dex: 10    Spells: 10/10 levels left

rFire   . . .      SeeInvis +   t - +0 morningstar (vamp)
rCold   + . .      Faith    .   c - +0 buckler
rNeg    . . .      Spirit   .   f - +3 ring mail {rC+}
rPois   .          Reflect  .   d - +1 helmet {SInv}
rElec   .          Harm     .   q - +1 cloak
rCorr   .          Rampage  .   s - +0 pair of gloves
Will    .....                   i - +2 barding {Stlth+}
Stlth   ++........              (no amulet)
HPRegen 0.25/turn               (no ring)
MPRegen 0.12/turn               (no ring)

@: mighty, brilliant, about to teleport, curled up
A: large, rugged brown scales 3, see invisible, deformed body, roll 1, armoured
tail, reflexive curl
a: Rolling Charge, Renounce Religion, Potion Petition, Call Merchant, Bribe
Branch


You were on level 3 of the Abyss.
You worshipped Gozag.
Gozag was noncommittal.
You visited 2 branches of the dungeon, and saw 11 of its levels.
You visited the Abyss 1 time.

You collected 1530 gold pieces.
You spent 168 gold pieces at shops.
You paid 1344 gold pieces to Gozag.

Inventory:

Hand Weapons
 g - a +5 morningstar of holy wrath
 t - a +0 vampiric morningstar (weapon)
Armour
 c - a +0 buckler (worn)
 d - a +1 helmet of see invisible (worn)
 f - a +3 ring mail of cold resistance (worn)
 h - +0 acid dragon scales
 i - a +2 barding of stealth (worn)
 q - a +1 cloak (worn)
 s - a +0 pair of gloves (worn)
Wands
 b - a wand of iceblast (7)
 j - a wand of polymorph (7)
 r - a wand of flame (28)
 x - a wand of acid (5)
Scrolls
 e - 5 scrolls of vulnerability
Potions
 k - a potion of brilliance
 l - a potion of cancellation
 o - 2 potions of flight


   Skills:
 * Level 8.6 Fighting
 + Level 9.9 Maces & Flails
 * Level 7.5 Armour
 + Level 5.1 Dodging
 + Level 1.1 Stealth
 * Level 6.4 Shields
 + Level 0.4 Evocations


You had 10 spell levels left.
You didn't know any spells.
Your spell library contained the following spells:

 Spells                   Type           Power      Damage    Failure   Level
 Animate Skeleton         Necr           0%         N/A       50%         1
 Apportation              Tloc           0%         N/A       50%         1
 Slow                     Hex            0%         N/A       50%         1
 Summon Small Mammal      Summ           0%         N/A       50%         1
 Ensorcelled Hibernation  Hex/Ice        0%         N/A       65%         2
 Call Canine Familiar     Summ           0%         N/A       86%         3
 Confusing Touch          Hex            0%         N/A       86%         3
 Spider Form              Tmut/Pois      0%         N/A       86%         3
 Summon Guardian Golem    Hex/Summ       0%         N/A       86%         3
 Vampiric Draining        Necr           0%         2d6       86%         3
 Animate Armour           Summ/Erth      0%         N/A       99%         4
 Blade Hands              Tmut           0%         N/A       100%        5
 Summon Forest            Summ/Tloc      0%         N/A       100%        5
 Eringya's Noxious Bog    Tmut/Pois      0%         N/A       100%        6
 Iron Shot                Conj/Erth      0%         9d1       100%        6
 Summon Hydra             Summ           0%         N/A       100%        7


Dungeon Overview and Level Annotations

Branches:
Dungeon (10/15)            Temple (1/1) D:6            Lair (0/6) D:8
    Orc (0/2) D:10

Altars:
Ashenzari
Cheibriados
Dithmenos
Elyvilon
Fedhas
Gozag
Hepliaklqana
Kikubaaqudgha
Makhleb
Nemelex Xobeh
Okawaru
Qazlal
Ru
Sif Muna
Trog
Uskayaw
Vehumet
Wu Jian
Xom
Yredelemnul
Zin
The Shining One

Shops:
D:7 !


Innate Abilities, Weirdness & Mutations

You are completely covered in rugged brown scales. (AC +3, +7% HP)
You have supernaturally acute eyesight. (SInv)
Armour fits poorly on your strangely shaped body.
You can roll at nearby foes to attack.
You have a long armoured tail.
You curl defensively after being hit. (AC +7*)


Message History

The living lightning hits you.
* * * LOW HITPOINT WARNING * * *
The raiju blinks!
A rakshasa comes into view. It is wielding a +0 trident.
The raiju bursts into living lightning!
The living lightning hits the raiju.
The raiju completely resists.
The living lightning hits you!
* * * LOW HITPOINT WARNING * * *
The raiju blinks!
The rakshasa blinks!
Unknown command.
Okay, then. [a] - 416 gold - heal wounds, curing, might and brilliance [b] - 648 gold - resistance, might, heal wounds and berserk rage [c] - 378 gold - haste and brilliance Purchase which effect?
You no longer have enough gold to petition Gozag for potion effects.
You feel much better.
You feel better.
You feel very mighty all of a sudden.
You feel clever all of a sudden.
A thrashing horror comes into view.
The raiju bursts into living lightning!
The living lightning hits the raiju.
The raiju completely resists.
The living lightning misses you.
The raiju blinks!
The thrashing horror moves out of view.
The raiju bursts into living lightning!
The living lightning misses you.
The raiju blinks!
The raiju bursts into living lightning!
The living lightning misses you.
The raiju blinks!
The raiju bursts into living lightning!
The living lightning hits you!!
* * * LOW HITPOINT WARNING * * *
The raiju blinks!
The raiju bursts into living lightning!
The living lightning hits you!!
* * * LOW HITPOINT WARNING * * *
The raiju blinks! x2
The raiju bursts into living lightning!
The living lightning hits the raiju.
The raiju completely resists.
The living lightning hits you!
You die...
Your body crumbles into a pile of gold.

.###..## # . ##
.#..##.#.# #.
§###...#...#
§...#.......#...
..#...#.h # ##
#.§.hh..##
##..h#§.
#.#.#..... #
#@#.##....
#...### .. R#
#..## .#.. #...
#X ###. .# .. #.
.# ##


You could see 3 raiju.

Vanquished Creatures
  Pikel (D:5)
  A manticore (D:10)
  A cyclops (D:9)
  Joseph (D:8)
  Maurice (D:8)
  A gargoyle (D:10)
  Maggie (D:8)
  Psyche (D:9)
  2 kobold demonologists
  2 trolls (D:10)
  Sigmund (D:6)
  A vampire (D:10)
  A wyvern (D:7)
  5 yaks (D:10)
  Edmund (D:6)
  2 water moccasins
  Duvessa (D:5)
  A black bear (D:6)
  An orc warrior (D:7)
  An ice beast (D:7)
  A hornet zombie (D:5)
  4 sky beasts
  A necrophage (D:5)
  5 centaurs
  3 phantoms (D:10)
  Blork the orc (D:5)
  2 kobold brigands (D:8)
  2 scorpions
  4 bullfrogs
  A wyvern zombie (D:7)
  Dowan (D:5)
  A troll zombie (D:10)
  8 killer bees
  4 howler monkeys
  10 wights
  3 centaur zombies
  5 hounds
  3 jellies (D:6)
  An orc priest (D:8)
  Crazy Yiuf (D:7)
  A gnoll shaman (D:8)
  5 orc wizards
  3 iguanas
  A scorpion zombie (D:5)
  5 ogre zombies (D:10)
  A hound skeleton (D:5)
  3 howler monkey zombies
  Robin (D:1)
  12 gnolls
  9 adders
  4 white imps
  An ufetubus (D:6)
  An adder skeleton (D:4)
  3 worms
  A dart slug (D:4)
  21 orcs
  6 ball pythons
  9 endoplasms
  2 giant cockroaches (D:4)
  19 goblins
  7 hobgoblins
  6 jackals
  23 kobolds
  4 quokkas
  7 bats
  3 frilled lizards
  A goblin skeleton (D:10)
  A goblin zombie (D:10)
  2 hobgoblin zombies (D:10)
  4 orc skeletons (D:10)
  11 orc zombies (D:10)
  2 rats
267 creatures vanquished.

Vanquished Creatures (collateral kills)
  An orc wizard (D:10)
1 creature vanquished.

Vanquished Creatures (others)
  6 fungi
  A plant (D:8)
7 creatures vanquished.

Grand Total: 275 creatures vanquished

Notes
Turn   | Place    | Note
-------+----------+-------------------------------------------
     0 | D:1      | marklar909 the Palentonga Fighter began the quest for the
                  | Orb.
     0 | D:1      | Reached XP level 1. HP: 19/19 MP: 1/1
   157 | D:1      | Reached XP level 2. HP: 18/25 MP: 2/2
   598 | D:1      | Found a faded altar of an unknown god.
   968 | D:2      | Noticed Robin
  1158 | D:1      | Killed Robin
  1159 | D:1      | Reached XP level 3. HP: 29/31 MP: 3/3
  1932 | D:2      | Noticed an ogre
  2419 | D:3      | Reached XP level 4. HP: 24/37 MP: 4/4
  3694 | D:4      | Reached skill level 3 in Maces & Flails
  3698 | D:4      | Reached XP level 5. HP: 39/43 MP: 5/5
  4338 | D:4      | Reached skill level 1 in Dodging
  5507 | D:5      | Entered Level 5 of the Dungeon
  5508 | D:5      | Noticed a sky beast
  5530 | D:5      | Killed a sky beast
  5531 | D:5      | Reached XP level 6. HP: 34/51 MP: 6/6
  5680 | D:5      | Noticed a kobold demonologist
  5682 | D:5      | Noticed a hellwing
  5689 | D:5      | Noticed a sixfirhy
  5695 | D:5      | Noticed a smoke demon
  6318 | D:5      | Noticed a ynoxinul
  6324 | D:5      | Noticed a sun demon
  6659 | D:5      | Noticed a hellwing
  6662 | D:5      | Killed a kobold demonologist
  6663 | D:5      | Reached skill level 4 in Maces & Flails
  6663 | D:5      | Gained mutation: You curl defensively after being hit. (AC
                  | +7*) [Palentonga growth]
  6663 | D:5      | Reached XP level 7. HP: 52/57 MP: 7/7
  6673 | D:5      | Noticed Pikel
  6681 | D:5      | Killed Pikel
  6682 | D:5      | Reached skill level 5 in Maces & Flails
  6682 | D:5      | Reached skill level 5 in Armour
  6682 | D:5      | Reached XP level 8. HP: 51/65 MP: 8/8
  6880 | D:5      | Noticed Blork the orc
  6891 | D:5      | Killed Blork the orc
  6892 | D:5      | Reached skill level 5 in Fighting
  7151 | D:5      | Noticed Duvessa
  7151 | D:5      | Noticed Dowan
  7162 | D:5      | Killed Duvessa
  7165 | D:5      | Killed Dowan
  7634 | D:6      | Noticed Sigmund
  7637 | D:6      | Killed Sigmund
  7638 | D:6      | Reached skill level 6 in Maces & Flails
  7710 | D:6      | Found a staircase to the Ecumenical Temple.
  7784 | Temple   | Entered the Ecumenical Temple
  8019 | Temple   | Became a worshipper of Gozag Ym Sagoz the Greedy
  8084 | D:6      | Reached XP level 9. HP: 63/73 MP: 9/9
  8138 | D:6      | Noticed Edmund
  8153 | D:6      | Killed Edmund
  9237 | D:7      | Reached skill level 7 in Maces & Flails
  9354 | D:7      | Found Kikliagh's Distillery.
  9592 | D:7      | Bought a potion of brilliance for 56 gold pieces
  9592 | D:7      | Bought a potion of heal wounds for 70 gold pieces
  9592 | D:7      | Bought a potion of curing for 42 gold pieces
  9778 | D:7      | Reached skill level 5 in Shields
  9954 | D:7      | Found a runed translucent door.
  9955 | D:7      | Noticed Crazy Yiuf
 10036 | D:7      | Killed Crazy Yiuf
 10053 | D:7      | Identified a scroll of acquirement
 10053 | D:7      | Acquired a +5 morningstar of holy wrath
 10390 | D:8      | Noticed Maurice
 10431 | D:8      | Killed Maurice
 10432 | D:8      | Reached XP level 10. HP: 80/82 MP: 10/10
 10486 | D:8      | Noticed Joseph
 10499 | D:8      | Killed Joseph
 10500 | D:8      | Reached skill level 8 in Maces & Flails
 10594 | D:8      | Found a staircase to the Lair.
 10791 | D:8      | Noticed Maggie
 10803 | D:8      | Killed Maggie
 11109 | D:8      | Found a stormy altar of Qazlal.
 11604 | D:9      | Noticed Psyche
 11612 | D:9      | Killed Psyche
 12312 | D:9      | Acquired a +2 barding of stealth
 12511 | D:9      | Noticed a cyclops
 12511 | D:9      | Noticed a manticore
 12512 | D:9      | Noticed a wizard
 12513 | D:9      | Noticed a manticore
 12513 | D:9      | Noticed a cyclops
 12514 | D:9      | Noticed a cyclops
 12519 | D:10     | Entered Level 10 of the Dungeon
 12712 | D:10     | Reached skill level 9 in Maces & Flails
 12876 | D:10     | Reached skill level 1 in Stealth
 13031 | D:10     | Reached XP level 11. HP: 86/92 MP: 11/11
 13133 | D:10     | Found a staircase to the Orcish Mines.
 13695 | D:10     | Reached skill level 5 in Dodging
 14828 | D:9      | Noticed a wizard
 14836 | D:9      | Cast into level 2 of the Abyss (a wizard)
 14889 | Abyss:2  | Noticed a starcursed mass
 14939 | Abyss:3  | Found a corrupted altar of Lugonu.
 14962 | Abyss:3  | Noticed a rakshasa
 14963 | Abyss:3  | Noticed a thrashing horror
 14968 | Abyss:3  | Killed from afar by a raiju

Illustrated notes

Levels and vault maps discovered:
D:1:      wander_arrival_desolate, layout_rooms, ebering_ecumenical_altar_rust,
          chequers_big_river
D:2:      layout_loops_ring, uniq_robin
D:3:      minmay_skewed_foursquare, layout_loops_ring
D:4:      layout_layer_cave, grunt_decor_resistance
D:5:      layout_basic, uniq_pikel, uniq_blork_the_orc, uniq_duvessa
D:6:      black_bear_nest_2, layout_loops_cross, minmay_temple_entry_wispy,
          uniq_sigmund, uniq_edmund
D:7:      layout_rooms, serial_shops, shop, uniq_crazy_yiuf_cottage
D:8:      layout_rooms, nicolae_qazlal_style_of_elements, dpeg_oklobed_lair,
          serial_aquarium, aquarium_bridge_straight [aquarium_subvault_bridge,
          aquarium_subvault_window, aquarium_subvault_bridge,
          aquarium_subvault_wall], aquarium_bridge_island_small
          [aquarium_subvault_small_open, aquarium_subvault_window,
          aquarium_subvault_bridge, aquarium_subvault_wall,
          aquarium_subvault_wall], aquarium_window_1, aquarium_window_corner,
          aquarium_view_2f, aquarium_balcony_1b, aquarium_pool_2, uniq_joseph,
          uniq_maurice, uniq_maggie
D:9:      layout_rooms, minivault_28, uniq_psyche
D:10:     layout_loops_ring, zombieorc1_lemuel, kennysheep_generic_room_16
Temple:   minmay_crystal_snake_temple
Abyss:3:  base: D:2, base: D:3, base:
D:5

Skill      XL: |  1  2  3  4  5  6  7  8  9 10 11 |
---------------+----------------------------------+-----
Armour         | 3 4 5 6 7 |  7.5
Maces & Flails | 3 4 5 6 7 9 |  9.9
Dodging        | 1 2 3 4 5 |  5.1
Shields        | 3 4 5 6 |  6.4
Fighting       | 4 5 6 8 |  8.6
Stealth        | 1 |  1.1
Evocations     | |  0.4

Action                   |  1- 3 |  4- 6 |  7- 9 | 10-12 || total
-------------------------+-------+-------+-------+-------++-------
Melee: Flail             |   147 |   165 |       |       ||   312
       Tailslap          |    17 |    24 |    48 |    77 ||   166
       Morningstar       |       |   104 |   287 |   425 ||   816
       Whip              |       |       |    37 |       ||    37
Invok: Potion Petition   |       |       |       |     3 ||     3
 Abil: Rolling Charge    |       |       |       |     1 ||     1
Evoke: Wand              |       |       |     5 |     2 ||     7
  Use: Scroll            |     2 |     4 |    11 |    10 ||    27
       Potion            |     1 |     3 |       |    11 ||    15
 Stab: Distracted        |       |       |       |     2 ||     2
       Sleeping          |       |       |       |     1 ||     1
Armor: Scale mail        |    91 |   155 |    22 |       ||   268
       Chain mail        |       |       |    77 |       ||    77
       Plate armour      |       |       |    84 |     5 ||    89
       Ring mail         |       |       |       |   338 ||   338
Dodge: Dodged            |    62 |    92 |    95 |   220 ||   469
Block: Buckler           |    21 |    70 |    68 |   127 ||   286

Table legend: (Time is in decaauts)
 A = Elapsed time spent in this place.
 B = Non-inter-level travel time spent in this place.
 C = Inter-level travel time spent in this place.
 D = Time resting spent in this place.
 E = Time spent auto-exploring this place.
 F = Levels seen in this place.
 G = Mean time per level.
                   A        B        C        D        E       F      G
               +--------+--------+--------+--------+--------+-----+--------+
         Total |  15107 |  14321 |    786 |   3869 |   7751 |  13 | 1162.1 |
       Dungeon |  14718 |  13972 |    746 |   3869 |   7523 |  10 | 1471.8 |
        Temple |    256 |    216 |     40 |      0 |    196 |   1 |  256.0 |
         Abyss |    131 |    131 |      0 |      0 |     32 |   2 |   65.5 |
               +--------+--------+--------+--------+--------+-----+--------+

Top non-repeatable levels by time:
    D:10: 2230 daAuts
     D:4: 2087 daAuts
     D:3: 1694 daAuts
     D:1: 1662 daAuts
     D:6: 1352 daAuts
     D:5: 1352 daAuts
     D:8: 1260 daAuts
     D:7: 1098 daAuts
     D:9: 1031 daAuts
     D:2: 949 daAuts
  Temple: 256 daAuts
 Abyss:2: 101 daAuts
 Abyss:3: 29 daAuts
